 Dungeon Crawl Stone Soup version 0.29.1-2-gbd0b4ee654 (webtiles) character file.

Game seed: 10062951882561185277

53 nshep25 the Trooper (level 3, 0/29 HPs)
             Began as a Demonspawn Monk on Nov 3, 2022.
             Slain by a gnoll
             ... wielding a +0 flail of venom
              (4 damage)
             ... on level 3 of the Dungeon.
             The game lasted 00:08:51 (3308 turns).

nshep25 the Trooper (Demonspawn Monk)               Turns: 3308, Time: 00:08:52

Health: 0/29       AC:  4    Str: 11    XL:     3   Next: 62%
Magic:  0/4        EV: 13    Int: 13    God:
Gold:   138        SH:  0    Dex: 15    Spells: 2/3 levels left

rFire   . . .      SeeInvis .   e - staff of conjuration
rCold   . . .      Faith    .   (no shield)
rNeg    . . .      Spirit   .   a - +0 robe
rPois   .          Reflect  .   (no helmet)
rElec   .          Harm     .   (no cloak)
rCorr   .          Rampage  .   (no gloves)
Will    .....                   (no boots)
Stlth   ++........              (no amulet)
HPRegen 0.09/turn               c - ring of flight
MPRegen 0.09/turn               (no ring)

@: lethally poisoned (0 -> -12), flying
A: molten scales 1
a: no special abilities


You were on level 3 of the Dungeon.
You visited 1 branch of the dungeon, and saw 3 of its levels.

You collected 138 gold pieces.

Inventory:

Armour
 a - a +0 robe (worn)
Magical Staves
 e - a staff of conjuration (weapon)
Jewellery
 c - a ring of flight (left hand)
Scrolls
 g - a scroll of immolation {unknown}
 i - a scroll of amnesia {unknown}
 j - a scroll of poison {unknown}
 k - a scroll of acquirement {unknown}
 l - 2 scrolls of teleportation {unknown}
 n - 3 scrolls of identify {unknown}
 p - 3 scrolls of fear {unknown}
 q - a scroll of enchant weapon {unknown}
Potions
 b - a potion of ambrosia
 d - a potion of magic {unknown}
 f - a potion of flight {unknown}
 h - a potion of resistance {unknown}
 m - a potion of heal wounds {unknown}
 o - a potion of brilliance {unknown}


   Skills:
 + Level 3.3 Fighting
 + Level 0.7 Staves
 + Level 3.0 Dodging
 + Level 2.1 Stealth
 - Level 3.0 Unarmed Combat
 * Level 0.9 Spellcasting
 * Level 0.4 Conjurations


You had 2 spell levels left.
You knew the following spells:

 Your Spells              Type           Power      Damage    Failure   Level
a - Magic Dart            Conj           8%         1d3       24%         1

Your spell library contained the following spells:

 Spells                   Type           Power      Damage    Failure   Level
 Call Imp                 Summ           0%         N/A       41%         2
 Mephitic Cloud           Conj/Pois/Air  1%         N/A       63%         3


Dungeon Overview and Level Annotations

Branches:
Dungeon (3/15)

Altars:
Qazlal


Innate Abilities, Weirdness & Mutations

You are partially covered in molten scales. (AC +2)


Message History

You are poisoned.
You hit the gnoll but do no damage.
The gnoll is moderately wounded.
You feel very sick. The gnoll misses you.
You hit the gnoll but do no damage.
The gnoll is moderately wounded.
You feel sick. The gnoll barely misses you.
You hit the gnoll. You punch the gnoll.
The gnoll is severely wounded.
You feel sick. The gnoll closely misses you.
Your magical contamination has completely faded away.
You completely miss the gnoll.
The gnoll is severely wounded.
You feel sick.
The gnoll hits you with a +0 flail of venom.
You are more poisoned.
The gnoll closely misses you.
You hit the gnoll but do no damage.
The gnoll is severely wounded.
You feel very sick.
The gnoll hits you with a +0 flail of venom.
You are more poisoned.
You are too injured to fight recklessly!
You barely miss the gnoll.
The gnoll is severely wounded.
* * * LOW HITPOINT WARNING * * *
You feel very sick. The gnoll closely misses you.
Casting: Magic Dart (safe; 24% risk of failure)
Confirm with . or Enter, or press ? or * to list all spells.
Aiming: Magic Dart (safe; 24% risk of failure)
Press: ? - help, Shift-Dir - straight line, f/p - gnoll
Aim: a gnoll, wielding a +0 flail of venom and quivering stones (severely wounded, 100% to hit)
You feel a surge of power!
The magic dart hits the gnoll.
The gnoll is almost dead.
* * * LOW HITPOINT WARNING * * *
You feel very sick.
The gnoll hits you with a +0 flail of venom.
You die...

#.# #.# #.# #g#
#.# #.# # #.#
#.###########.#
#......@g.....#
#.#....########
+....'...#
#....###.# #....#
#.# ########'###
#.....##.........
#.....##.........
#.....##.........


You could see a gnoll.

Vanquished Creatures
  2 dart slugs
  8 ball pythons
  4 endoplasms
  2 giant cockroaches
  4 goblins
  9 hobgoblins
  A quokka (D:1)
  3 bats
  3 frilled lizards
  5 kobolds
  2 rats
43 creatures vanquished.

Vanquished Creatures (others)
  3 fungi (D:1)
  5 toadstools (D:1)
8 creatures vanquished.

Grand Total: 51 creatures vanquished

Notes
Turn   | Place    | Note
-------+----------+-------------------------------------------
     0 | D:1      | nshep25 the Demonspawn Monk began the quest for the Orb.
     0 | D:1      | Reached XP level 1. HP: 18/18 MP: 1/1
   599 | D:1      | Gained mutation: You are partially covered in molten
                  | scales. (AC +2) [demonic ancestry]
   599 | D:1      | Reached XP level 2. HP: 13/24 MP: 2/2
   818 | D:1      | Found a faded altar of an unknown god.
   969 | D:1      | Learned a level 1 spell: Magic Dart
  1948 | D:2      | Reached XP level 3. HP: 26/29 MP: 0/3
  2953 | D:3      | Found a stormy altar of Qazlal.
  3308 | D:3      | Slain by a gnoll

Illustrated notes

Levels and vault maps discovered:
D:1:      ldierk_walled_garden, layout_basic, ebering_ecumenical_altar_hall,
          dreamdust_mushroom_princess
D:2:      layout_basic, nicolae_concentric_dashed_squares_mild
D:3:      layout_basic, grunt_qazlal_sundering

Skill      XL: |  1  2 |
---------------+-------+-----
Unarmed Combat | 3 |  3.0
Dodging        | 3 |  3.0
Stealth        | 2 |  2.1
Fighting       | |  3.3
Staves         | |  0.7
Spellcasting   | |  0.9
Conjurations   | |  0.4

Action                   || total
-------------------------++-------
Melee: Unarmed           ||    82
       Staff             ||    92
       Punch             ||     3
 Cast: Magic Dart        ||    46
 Stab: Sleeping          ||     1
Armor: Robe              ||    45
Dodge: Dodged            ||   143
